 Dungeon Crawl Stone Soup version 0.22-a0-757-gdba82d8 (webtiles) character file.

4296 sking99 the Thaumaturge (level 10, -1/74 HPs)
             Began as a Gnoll Wizard on July 16, 2018.
             Was a Believer of Ashenzari.
             Slain by a vampire (2 damage)
             ... on level 9 of the Dungeon.
             The game lasted 00:33:51 (12484 turns).

sking99 the Thaumaturge (Gnoll Wizard)             Turns: 12484, Time: 00:33:51

Health: -1/74      AC:  7    Str:  9    XL:     10   Next: 32%
Magic:  15/22      EV: 16    Int: 24    God:    Ashenzari [**....]
Gold:   410        SH:  0    Dex: 14    Spells: 15/26 levels left

rFire    . . .     SeeInvis .   u - +1 scimitar
rCold    . . .     Gourm    .   (no shield)
rNeg     + . .     Faith    .   p - +2 robe {rN+}
rPois    .         Spirit   .   b - +0 hat
rElec    .         Reflect  .   j - +0 cloak
rCorr    .         Harm     .   l - +1 pair of gloves
MR       .....                  (no boots)
Stlth    ++........             (no amulet)
HPRegen  0.22/turn              A - ring of loudness (curse)
MPRegen  0.18/turn              (no ring)

@: hasted, drained, very quick
A: distributed training, fangs 1, strong nose
a: Curse Item, Scrying, Renounce Religion


You were on level 9 of the Dungeon.
You worshipped Ashenzari.
Ashenzari was pleased with you.
You were not hungry.

You visited 1 branch of the dungeon, and saw 9 of its levels.
You also visited: Ossuary.

You collected 410 gold pieces.

Inventory:

Hand Weapons
 u - a +1 scimitar (weapon)
Armour
 b - a +0 hat (worn)
 j - a +0 cloak (worn)
 l - a +1 pair of gloves (worn)
 p - a +2 robe of positive energy (worn)
Magical Staves
 C - an uncursed staff of conjuration
Jewellery
 A - a cursed ring of loudness (left hand)
Wands
 o - a wand of random effects (25)
 q - a wand of polymorph (18)
 x - a wand of digging (10)
Scrolls
 k - 2 scrolls of remove curse
 n - a scroll of fear
 v - a scroll of amnesia
 w - 2 scrolls of immolation
 y - 2 scrolls of teleportation
 z - 2 scrolls of identify
 G - a scroll of enchant armour
 H - a scroll of random uselessness {unknown}
 I - 2 scrolls of blinking
Potions
 a - 3 potions of curing
 c - 3 potions of agility
 e - 3 potions of magic
 f - 4 potions of flight
 g - 2 potions of heal wounds
 h - 3 potions of haste
 i - 2 potions of might
 m - 4 potions of lignification
 r - 2 potions of resistance
 s - a potion of mutation
 t - a potion of ambrosia {unknown}
 B - 2 potions of degeneration {unknown}
 D - 2 potions of invisibility {unknown}
 E - 3 potions of brilliance {unknown}
 F - a potion of berserk rage {unknown}
Comestibles
 d - 22 rations


   Skills:
 + Level 5.1(4.9) Fighting
 + Level 5.1(4.9) Short Blades
 + Level 5.1(4.9) Long Blades
 + Level 5.1(4.9) Axes
 + Level 5.1(4.9) Maces & Flails
 + Level 5.1(4.9) Polearms
 + Level 5.1(4.9) Staves
 + Level 5.1(4.9) Slings
 + Level 5.1(4.9) Bows
 + Level 5.1(4.9) Crossbows
 + Level 5.1(4.9) Throwing
 + Level 5.1(4.9) Armour
 + Level 6.9(6.7) Dodging
 + Level 6.6(6.5) Stealth
 + Level 5.1(4.9) Shields
 + Level 5.1(4.9) Unarmed Combat
 + Level 8.9(8.7) Spellcasting
 + Level 4.7(4.6) Conjurations
 + Level 4.2(4.0) Hexes
 + Level 4.2(4.0) Charms
 + Level 4.7(4.6) Summonings
 + Level 4.2(4.0) Necromancy
 + Level 4.7(4.6) Translocations
 + Level 4.2(4.0) Transmutations
 + Level 4.2(4.0) Fire Magic
 + Level 4.2(4.0) Ice Magic
 + Level 4.2(4.0) Air Magic
 + Level 4.2(4.0) Earth Magic
 + Level 4.2(4.0) Poison Magic
 + Level 5.6(5.4) Invocations
 + Level 5.1(4.9) Evocations


You had 15 spell levels left.
You knew the following spells:

 Your Spells              Type           Power        Failure   Level  Hunger
a - Magic Dart            Conj           ####         1%          1    None
b - Blink                 Tloc           N/A          1%          2    None
c - Call Imp              Summ           ####....     1%          2    None
d - Conjure Flame         Conj/Fire      ####....     3%          3    None
e - Mephitic Cloud        Conj/Pois/Air  ####....     3%          3    None

Your spell library contained the following spells:

 Spells                   Type           Power        Failure   Level  Hunger
 Slow                     Hex            ####....     1%          2    None


Dungeon Overview and Level Annotations

Branches:
Dungeon (9/15)             Temple (0/1) D:4
   Lair: D:8-11         Orc: D:9-12

Altars:
Ashenzari
Trog
Wu Jian

Shops:
D:4 (

Annotations:
D:4 1 runed door, MordorOrchid's ghost, novice DsWz
D:6 exclusion: gargoyle


Innate Abilities, Weirdness & Mutations

Your experience applies equally to all skills.
You have very sharp teeth.
Your uncanny sense of smell can sniff out nearby items.


Message History

You don't know that spell.
Casting: Magic Dart (safe; 1% risk of failure)
Confirm with . or Enter, or press ? or * to list all spells.
Aiming: Magic Dart (safe; 1% risk of failure)
Press: ? - help, Shift-Dir - straight line The magic dart hits something.
Something hits you!
* * * LOW HITPOINT WARNING * * *
Something bites you.
* * * LOW HITPOINT WARNING * * *
You feel better. Something barely misses you. Something bites you!
* * * LOW HITPOINT WARNING * * *
Something draws strength from your injuries!
Okay, then.
You feel yourself speed up. Something hits you.
* * * LOW HITPOINT WARNING * * *
Something completely misses you.
You slash something! Something hits you!
* * * LOW HITPOINT WARNING * * *
Something bites you.
You die...

#.# #.# #.#
#.# #.# #.#
##.# #.# #..#
#.#
##.#####.##
###..........
#...#.#######
* #.#.5@# *
#.###{# * #.#
#.# , * #.#
#.....# #.#
###...# #.#
#.## , #.#
*.# , * #.# #
* #.#


You could see a friendly crimson imp.

Vanquished Creatures
  A centaur skeleton (D:9)
  A hippogriff (D:8)
  Grinder (D:3)
  A hungry ghost (D:8)
  A water moccasin (D:9)
  Menkaure (D:6)
  3 ice beasts
  A phantom (D:7)
  A sky beast (D:6)
  4 ogres
  A necrophage (D:6)
  3 centaurs
  3 bullfrogs (D:7)
  A wyvern zombie (D:8)
  A scorpion (D:4)
  8 wights
  6 howler monkeys
  A centaur zombie (D:6)
  3 crimson imps
  4 jellies
  A quasit (D:7)
  4 orc priests (D:3)
  2 hounds (D:4)
  2 bullfrog skeletons
  Ijyb (D:3)
  3 orc wizards
  3 worker ants
  2 hound zombies (D:5)
  A mummy (Ossuary)
  Robin (D:3)
  10 gnolls
  A worker ant zombie (D:8)
  16 adders
  2 shadow imps
  3 adder skeletons
  4 worms (D:2)
  2 dart slugs (D:1)
  11 leopard geckos
  24 orcs
  5 giant cockroaches
  13 goblins
  12 hobgoblins
  20 kobolds
  2 quokkas
  A ball python skeleton (D:4)
  5 bats
  8 frilled lizards
  4 gnoll skeletons (Ossuary)
  8 kobold skeletons (Ossuary)
  A leopard gecko skeleton (D:8)
  13 orc skeletons (Ossuary)
  A quokka zombie (D:6)
  5 rats
237 creatures vanquished.

Vanquished Creatures (collateral kills)
  A wraith (Ossuary)
  Sigmund (D:2)
  A quasit (D:6)
  A goblin (D:2)
  A hobgoblin (D:2)
5 creatures vanquished.

Vanquished Creatures (others)
  A bush (D:1)
1 creature vanquished.

Grand Total: 243 creatures vanquished

Notes
Turn   | Place    | Note
-------+----------+-------------------------------------------
     0 | D:1      | sking99 the Gnoll Wizard began the quest for the Orb.
     0 | D:1      | Reached XP level 1. HP: 13/13 MP: 8/8
   161 | D:1      | Reached XP level 2. HP: 19/19 MP: 7/10
   594 | D:1      | Reached XP level 3. HP: 25/25 MP: 6/11
   598 | D:1      | Learned a level 2 spell: Blink
   601 | D:1      | Learned a level 2 spell: Call Imp
   605 | D:1      | Learned a level 3 spell: Conjure Flame
   609 | D:1      | Learned a level 3 spell: Mephitic Cloud
  1160 | D:1      | Reached skill level 1 in Invocations
  1470 | D:2      | Reached skill level 1 in Fighting
  1470 | D:2      | Reached skill level 1 in Short Blades
  1470 | D:2      | Reached skill level 1 in Long Blades
  1470 | D:2      | Reached skill level 1 in Axes
  1470 | D:2      | Reached skill level 1 in Maces & Flails
  1470 | D:2      | Reached skill level 1 in Polearms
  1470 | D:2      | Reached skill level 1 in Staves
  1470 | D:2      | Reached skill level 1 in Slings
  1470 | D:2      | Reached skill level 1 in Bows
  1470 | D:2      | Reached skill level 1 in Crossbows
  1470 | D:2      | Reached skill level 1 in Throwing
  1470 | D:2      | Reached skill level 1 in Armour
  1470 | D:2      | Reached skill level 1 in Shields
  1470 | D:2      | Reached skill level 1 in Unarmed Combat
  1470 | D:2      | Reached skill level 1 in Evocations
  1472 | D:2      | Reached XP level 4. HP: 32/32 MP: 4/13
  1624 | D:2      | Noticed Sigmund
  1654 | D:2      | Killed Sigmund
  1654 | D:2      | Reached skill level 1 in Hexes
  1654 | D:2      | Reached skill level 1 in Charms
  1654 | D:2      | Reached skill level 1 in Necromancy
  1654 | D:2      | Reached skill level 1 in Transmutations
  1654 | D:2      | Reached skill level 1 in Fire Magic
  1654 | D:2      | Reached skill level 1 in Ice Magic
  1654 | D:2      | Reached skill level 1 in Air Magic
  1654 | D:2      | Reached skill level 1 in Earth Magic
  1654 | D:2      | Reached skill level 1 in Poison Magic
  1654 | D:2      | Reached XP level 5. HP: 11/37 MP: 0/14
  1941 | D:2      | Found a shattered altar of Ashenzari.
  1945 | D:2      | Became a worshipper of Ashenzari the Shackled
  2597 | D:3      | Noticed Robin
  2685 | D:3      | Reached XP level 6. HP: 30/44 MP: 3/16
  2941 | D:3      | Killed Robin
  2941 | D:3      | Reached skill level 5 in Dodging
  3119 | D:3      | Noticed Grinder
  3155 | D:3      | Paralysed by Grinder for 4 turns
  3172 | D:3      | Killed Grinder
  3172 | D:3      | Reached XP level 7. HP: 30/50 MP: 0/18
  3363 | D:3      | Noticed Ijyb
  3469 | D:3      | Killed Ijyb
  4453 | D:4      | Reached skill level 5 in Stealth
  4653 | D:4      | Found a staircase to the Ecumenical Temple.
  4720 | D:4      | Noticed MordorOrchid's ghost (novice DsWz)
  4729 | D:4      | Found a runed door.
  4982 | D:4      | Found Oginacox's Antique Weapon Shop.
  5204 | D:5      | Entered Level 5 of the Dungeon
  5204 | D:5      | Reached * piety under Ashenzari
  5313 | D:5      | Reached XP level 8. HP: 57/57 MP: 14/19
  5961 | D:5      | Found a bloodstained altar of Trog.
  6866 | D:6      | Reached skill level 8 in Spellcasting
  7119 | D:6      | Found a sand-covered staircase.
  7128 | Ossuary  | Entered an ossuary
  7128 | Ossuary  | Noticed a wraith
  7128 | Ossuary  | Noticed a wraith
  7128 | Ossuary  | Noticed a wraith
  7597 | Ossuary  | Noticed a wraith
  7626 | Ossuary  | Killed a wraith
  7784 | D:6      | Reached XP level 9. HP: 64/65 MP: 12/21
  8366 | D:6      | Noticed Menkaure
  8377 | D:6      | Killed Menkaure
  8613 | D:6      | Noticed a gargoyle
  9968 | D:7      | Found an ornate altar of the Wu Jian Council.
 10371 | D:8      | Reached skill level 5 in Invocations
 10601 | D:8      | Reached XP level 10. HP: 34/73 MP: 0/22
 10899 | D:8      | Reached ** piety under Ashenzari
 11832 | D:9      | Reached skill level 5 in Fighting
 11832 | D:9      | Reached skill level 5 in Short Blades
 11832 | D:9      | Reached skill level 5 in Long Blades
 11832 | D:9      | Reached skill level 5 in Axes
 11832 | D:9      | Reached skill level 5 in Maces & Flails
 11832 | D:9      | Reached skill level 5 in Polearms
 11832 | D:9      | Reached skill level 5 in Staves
 11832 | D:9      | Reached skill level 5 in Slings
 11832 | D:9      | Reached skill level 5 in Bows
 11832 | D:9      | Reached skill level 5 in Crossbows
 11832 | D:9      | Reached skill level 5 in Throwing
 11832 | D:9      | Reached skill level 5 in Armour
 11832 | D:9      | Reached skill level 5 in Shields
 11832 | D:9      | Reached skill level 5 in Unarmed Combat
 11832 | D:9      | Reached skill level 5 in Evocations
 12484 | D:9      | HP: 1/74 [something (9)]
 12484 | D:9      | Slain by a vampire

Vault maps used:
D:1:      dpeg_arrival_renting, lexackson_kobold_supper
D:2:      ashenzari_altar_1, uniq_sigmund
D:3:      first_ration, kennysheep_generic_room_5, uniq_grinder, uniq_robin,
          uniq_ijyb
D:4:      temple_pool_b, hellmonk_ghost_happy_afterlife, serial_shops, shop,
          columned_hall_lemuel
D:5:      trog_hazing_becter
D:6:      nicolae_ossuary_entry_ruins, minmay_small_thing, uniq_menkaure
D:7:      kennysheep_mini
D:9:      blue_anna_alchemist
Ossuary:  ossuary_due_mausoleum

Skill      XL: |  1  2  3  4  5  6  7  8  9 10 |
---------------+-------------------------------+-----
Conjurations   | 2 3 4 |  4.7
Summonings     | 2 3 4 |  4.7
Translocations | 2 3 4 |  4.7
Invocations    | 1 2 3 4 5 |  5.6
Fighting       | 1 2 3 4 5 |  5.1
Short Blades   | 1 2 3 4 5 |  5.1
Long Blades    | 1 2 3 4 5 |  5.1
Axes           | 1 2 3 4 5 |  5.1
Maces & Flails | 1 2 3 4 5 |  5.1
Polearms       | 1 2 3 4 5 |  5.1
Staves         | 1 2 3 4 5 |  5.1
Slings         | 1 2 3 4 5 |  5.1
Bows           | 1 2 3 4 5 |  5.1
Crossbows      | 1 2 3 4 5 |  5.1
Throwing       | 1 2 3 4 5 |  5.1
Armour         | 1 2 3 4 5 |  5.1
Shields        | 1 2 3 4 5 |  5.1
Unarmed Combat | 1 2 3 4 5 |  5.1
Evocations     | 1 2 3 4 5 |  5.1
Hexes          | 1 2 3 4 |  4.2
Charms         | 1 2 3 4 |  4.2
Necromancy     | 1 2 3 4 |  4.2
Transmutations | 1 2 3 4 |  4.2
Fire Magic     | 1 2 3 4 |  4.2
Ice Magic      | 1 2 3 4 |  4.2
Air Magic      | 1 2 3 4 |  4.2
Earth Magic    | 1 2 3 4 |  4.2
Poison Magic   | 1 2 3 4 |  4.2
Dodging        | 5 6 |  6.9
Stealth        | 5 6 |  6.6
Spellcasting   | 8 |  8.9

Action                   |  1- 3 |  4- 6 |  7- 9 | 10-12 || total
-------------------------+-------+-------+-------+-------++-------
Melee: Unarmed           |   156 |       |       |       ||   156
       Bite              |    22 |       |     4 |     3 ||    29
       Punch             |     1 |       |       |       ||     1
       Scimitar          |       |     4 |    48 |    11 ||    63
 Cast: Magic Dart        |    79 |   148 |   574 |   112 ||   913
       Call Imp          |       |     6 |    15 |     2 ||    23
       Mephitic Cloud    |       |       |     9 |     3 ||    12
       Blink             |       |       |     2 |     2 ||     4
  Use: Scroll            |       |     3 |    19 |     1 ||    23
       Potion            |       |     1 |     1 |     5 ||     7
  Eat: Chunk             |     2 |     5 |    15 |     5 ||    27
       Ration            |       |       |     3 |       ||     3
Armor: Robe              |     2 |     7 |    69 |    14 ||    92
Dodge: Dodged            |    24 |    30 |   238 |    55 ||   347
       Rpst.: Scimitar   |       |     1 |    40 |    13 ||    54

Table legend:
 A = Spawn XP
 B = Non-spawn XP
 C = Spawn XP percentage of total XP
 D = Spawn monster count
 E = Non-spawn monster count
 F = Spawn count percentage of total count
 G = Total turns spent on level
                    A         B        C        D         E        F      G
               +---------+---------+-------+---------+---------+-------+---------
         Total |       0 |    6138 |   0.0 |       0 |     242 |   0.0 | 12484
               +---------+---------+-------+---------+---------+-------+---------
           D:1 |       0 |      63 |   0.0 |       0 |      36 |   0.0 |  1451
           D:2 |       0 |     248 |   0.0 |       0 |      28 |   0.0 |  1200
           D:3 |       0 |     527 |   0.0 |       0 |      34 |   0.0 |  1709
           D:4 |       0 |     348 |   0.0 |       0 |      19 |   0.0 |   844
           D:5 |       0 |     580 |   0.0 |       0 |      23 |   0.0 |  1771
           D:6 |       0 |    1309 |   0.0 |       0 |      24 |   0.0 |  1186
           D:7 |       0 |     826 |   0.0 |       0 |      16 |   0.0 |  1464
           D:8 |       0 |     983 |   0.0 |       0 |      16 |   0.0 |  1380
           D:9 |       0 |    1047 |   0.0 |       0 |      19 |   0.0 |   838
       Ossuary |       0 |     207 |   0.0 |       0 |      27 |   0.0 |   641
               +---------+---------+-------+---------+---------+-------+---------
